 Dungeon Crawl Stone Soup version 0.31-a0-841-g038b102fc3 (webtiles) character file.

Game seed: 16380459095738436627

44 randomguy2701 the Slicer (level 3, -20/28 HPs)
             Began as a Gnoll Wanderer on Sept 27, 2023.
             Demolished by an ogre
             ... wielding a +0 giant club
              (26 damage)
             ... on level 2 of the Dungeon.
             The game lasted 00:00:58 (1151 turns).

randomguy2701 the Slicer (Gnoll Wanderer)           Turns: 1151, Time: 00:00:58

Health: -20/28     AC:  7    Str: 11    XL:     3   Next: 62%
Magic:  4/4        EV:  9    Int:  7    God:
Gold:   81         SH:  0    Dex: 17    Spells: 3/3 levels left

rFire   . . .        a - +0 rapier
rCold   . . .        (no shield)
rNeg    . . .        c - +0 scale mail
rPois   .            (no helmet)
rElec   .            (no cloak)
rCorr   .            (no gloves)
SInv    +            (no boots)
Will    .....        (no amulet) Stlth
                     k - ring of see invisible
HPRegen 0.24/turn    (no ring)
MPRegen 0.09/turn

%: no passive effects
@: no status effects
A: fangs 1, strong nose, distributed training
a: no special abilities


You were on level 2 of the Dungeon.
You visited 1 branch of the dungeon, and saw 2 of its levels.

You collected 81 gold pieces.

Inventory:

Hand Weapons
 a - a +0 rapier (weapon)
 b - a +0 falchion
Armour
 c - a +0 scale mail (worn)
Jewellery
 k - a ring of see invisible (left hand)
Scrolls
 d - 2 scrolls of fear
 f - a scroll of poison {unknown}
 g - a scroll of revelation {unknown}
 j - 2 scrolls of silence {unknown}
 l - a scroll of amnesia {unknown}
 m - a scroll of blinking {unknown}
Potions
 e - a potion of berserk rage {unknown}
 h - a potion of heal wounds {unknown}
 i - a potion of curing {unknown}
 n - a potion of mutation {unknown}
 o - a potion of lignification {unknown}
 p - a potion of brilliance {unknown}


   Skills:
 + Level 2.6 Fighting
 + Level 8.5 Short Blades
 + Level 4.5 Long Blades
 + Level 0.9 Axes
 + Level 0.9 Maces & Flails
 + Level 0.9 Polearms
 + Level 0.9 Staves
 + Level 0.9 Ranged Weapons
 + Level 0.9 Throwing
 + Level 4.5 Armour
 + Level 2.6 Dodging
 + Level 0.9 Stealth
 + Level 0.9 Shields
 + Level 0.9 Unarmed Combat
 + Level 0.9 Spellcasting
 + Level 0.6 Conjurations
 + Level 0.6 Hexes
 + Level 0.6 Summonings
 + Level 0.6 Necromancy
 + Level 0.6 Translocations
 + Level 0.6 Transmutations
 + Level 0.6 Fire Magic
 + Level 0.6 Ice Magic
 + Level 0.6 Air Magic
 + Level 0.6 Earth Magic
 + Level 0.6 Poison Magic
 + Level 1.0 Invocations
 + Level 0.9 Evocations
 + Level 0.7 Shapeshifting


You had 3 spell levels left.
You didn't know any spells.
Your spell library contained the following spells:

 Spells                   Type           Power      Damage    Failure   Level
 Cigotuvi's Dreadful Rot  Necr/Pois/Air  2%         N/A       95%         2
 Ignite Poison            Fire/Tmut/Pois 1%         N/A       99%         3
 Freezing Cloud           Conj/Ice/Air   0%         6-21      100%        5


Dungeon Overview and Level Annotations

Branches:
Dungeon (2/15)

Altars:

Shops:
D:2 !


Innate Abilities, Weirdness & Mutations

You have very sharp teeth.
Your uncanny sense of smell can sniff out nearby items.
Your experience applies equally to all skills.


Message History

No target in view!
There is a stone staircase leading up here.
Found a ring mail.
No target in view!
Found Fyv Lede's Distillery.
No target in view!
You see here a +0 ring mail.
Found 2 poisoned darts.
A rat comes into view.
Found a grey potion.
A rat is nearby!
You hit the rat.
You kill the rat!
p - a grey potion No target in view!
A goblin comes into view. It is wielding a +0 club.
The goblin shouts!
A dart slug comes into view.
There are monsters nearby!
An ogre comes into view. It is wielding a +0 giant club.
There are monsters nearby!
You barely miss the goblin. The goblin hits you but does no damage.
There are monsters nearby!
There are monsters nearby!
You hit the goblin.
You kill the goblin!
The dart slug launches a dart at you. The slug dart misses you.
There are monsters nearby!
You hit the ogre but do no damage. You hit the ogre.
You bite the ogre, but do no damage.
The ogre is lightly wounded.
The ogre hits you with a +0 giant club!!
Ouch! That really hurt!
* * * LOW HITPOINT WARNING * * *
You puncture the ogre!
The ogre is moderately wounded.
The ogre hits you with a +0 giant club!!
Ouch! That really hurt!
You die...

...# #........# ##.#
#.###.#### ##.#####.#
#.##.. .........###.##.#
#...####.....##.####
..........#####.#..
....####.## ##..#.#
#.#.# ### ##...#O##.#
..#.# #....@)w..# ###.##
##...###### #...# ##.###
#...# #...# #...#######
###.####### ##.........#
#..........
.........#.###.#.###....
.............#..........
.........#<#[#.#..#...


You could see an ogre and a dart slug.

Vanquished Creatures
  An adder (D:2)
  A dart slug (D:1)
  5 ball pythons (D:1)
  3 bats
  4 endoplasms (D:1)
  A giant cockroach (D:1)
  2 goblins
  A hobgoblin (D:2)
  4 jackals (D:2)
  2 kobolds (D:1)
  2 quokkas (D:1)
  A frilled lizard (D:1)
  4 rats
31 creatures vanquished.

Notes
Turn   | Place    | Note
-------+----------+-------------------------------------------
     0 | D:1      | randomguy2701 the Gnoll Wanderer began the quest for the
                  | Orb.
     0 | D:1      | randomguy2701 set off with the following items: a +0
                  | rapier, a +0 falchion, a +0 scale mail, a scroll of fear.
     0 | D:1      | Reached XP level 1. HP: 17/17 MP: 1/1
   168 | D:1      | Reached XP level 2. HP: 23/23 MP: 2/2
   552 | D:1      | Found a faded altar of an unknown god.
   621 | D:1      | Reached XP level 3. HP: 28/28 MP: 3/3
  1011 | D:2      | Reached skill level 1 in Invocations
  1127 | D:2      | Found Fyv Lede's Distillery.
  1146 | D:2      | Noticed an ogre
  1151 | D:2      | Demolished by an ogre

Illustrated notes

Levels and vault maps discovered:
D:1:      minmay_arrival_solitary_statue, layout_basic,
          ebering_ecumenical_altar_box, minmay_misc_feat_rugged
D:2:      layout_loops_cross, serial_shops, nicolae_shop_tiny_waterfront

Skill      XL: |  1  2  3 |
---------------+----------+-----
Invocations    | 1 |  1.0
Fighting       | |  2.6
Short Blades   | |  8.5
Long Blades    | |  4.5
Axes           | |  0.9
Maces & Flails | |  0.9
Polearms       | |  0.9
Staves         | |  0.9
Ranged Weapons | |  0.9
Throwing       | |  0.9
Armour         | |  4.5
Dodging        | |  2.6
Stealth        | |  0.9
Shields        | |  0.9
Unarmed Combat | |  0.9
Spellcasting   | |  0.9
Conjurations   | |  0.6
Hexes          | |  0.6
Summonings     | |  0.6
Necromancy     | |  0.6
Translocations | |  0.6
Transmutations | |  0.6
Fire Magic     | |  0.6
Ice Magic      | |  0.6
Air Magic      | |  0.6
Earth Magic    | |  0.6
Poison Magic   | |  0.6
Evocations     | |  0.9
Shapeshifting  | |  0.7

Action                     || total
---------------------------++-------
  Melee: Rapier            ||    99
         Bite              ||     7
         Punch             ||     2
 Armour: Scale mail        ||    64
  Dodge: Dodged            ||    28

Table legend: (Time is in decaauts)
 A = Elapsed time spent in this place.
 B = Non-inter-level travel time spent in this place.
 C = Inter-level travel time spent in this place.
 D = Time resting spent in this place.
 E = Time spent auto-exploring this place.
 F = Levels seen in this place.
 G = Mean time per level.
                   A        B        C        D        E       F      G
               +--------+--------+--------+--------+--------+-----+--------+
         Total |   1128 |   1084 |     44 |      0 |    892 |   2 |  564.0 |
       Dungeon |   1128 |   1084 |     44 |      0 |    892 |   2 |  564.0 |
               +--------+--------+--------+--------+--------+-----+--------+

Top non-repeatable levels by time:
     D:1: 770 daAuts
     D:2: 358 daAuts
